[Event "ICC tourney 3340 (40 10)"]
[Site "Internet Chess Club"]
[Date "2023.12.09"]
[Round "4"]
[White "BERKLEY, DARRIN K:drberkley"]
[Black "Yang, Daniel:danielbest"]
[Result "0-1"]
[ICCResult "White resigns"]
[WhiteElo "1904"]
[BlackElo "2132"]
[Opening "Sicilian: Grand Prix attack"]
[ECO "B23"]
[NIC "SI.44"]
[Time "17:45:05"]
[PlyCount "138"]
[TimeControl "2400+10"]

1. e4 c5 2. Nc3 Nc6 3. f4 g6 4. Nf3 Bg7 5. Bb5 d6 6. Bxc6+ bxc6 7. O-O Nf6
8. h3 O-O 9. d3 Ne8 10. Ne2 f5 11. e5 Qc7 12. d4 cxd4 13. Qxd4 Be6 14. c4
dxe5 15. fxe5 Nd6 16. b3 Nf7 17. Bb2 g5 18. Qc5 h6 19. Ned4 Nd8 20. Rae1 Rf7
21. Rf2 Qb6 22. Qa3 c5 23. Nb5 Nc6 24. Nc3 g4 25. Na4 Qb4 26. Qxb4 Nxb4 27.
Nxc5 gxf3 28. Re3 Bc8 29. e6 Rf8 30. Bxg7 Kxg7 31. Rexf3 Kg6 32. g4 f4 33.
Rxf4 Rxf4 34. Rxf4 Nxa2 35. Rf7 Bxe6 36. Rxe7 Bg8 37. Rc7 Kg5 38. Kg2 Nc3
39. Kg3 a5 40. h4+ Kg6 41. Rc6+ Kg7 42. Rc7+ Bf7 43. Ne6+ Kf6 44. Nc5 Ne2+
45. Kf2 Nd4 46. Ke3 Nc2+ 47. Kf4 Rd8 48. Rc6+ Kg7 49. Ra6 Rd4+ 50. Kg3 Nb4
51. Rxa5 Nd3 52. Nb7 Ne5 53. g5 Rg4+ 54. Kh3 Re4 55. Rb5 Be6+ 56. Kg3 Rg4+
57. Kf2 Nd3+ 58. Ke3 Nf4 59. gxh6+ Kxh6 60. Rb6 Kg7 61. c5 Nd5+ 62. Kf3 Nxb6
63. cxb6 Rb4 64. Nc5 Rxb6 65. Nxe6+ Rxe6 66. Kf4 Rb6 67. Kg5 Rxb3 68. h5
Rb5+ 69. Kg4 Kh6 {White resigns} 0-1

[Event "ICC tourney 3340 (40 10)"]
[Site "Internet Chess Club"]
[Date "2023.12.09"]
[Round "5"]
[White "GEVORGYAN, DAVIT:Davo29"]
[Black "CHINNI, RISHABH:alphachesplayer"]
[Result "0-1"]
[ICCResult "White resigns"]
[WhiteElo "2028"]
[BlackElo "2094"]
[Opening "Ruy Lopez: closed, anti-Marshall 8.a4"]
[ECO "C88"]
[NIC "RL.18"]
[Time "20:00:35"]
[PlyCount "52"]
[TimeControl "2400+10"]

1. e4 e5 2. Nf3 Nc6 3. Bb5 a6 4. Ba4 Nf6 5. O-O Be7 6. Re1 b5 7. Bb3 O-O 8.
a4 Bb7 9. d4 Nxd4 10. Nxd4 exd4 11. e5 Ne4 12. Qxd4 Bc5 13. Rxe4 Bxd4 14.
Rxd4 c5 15. Rg4 c4 16. Bh6 cxb3 17. Bxg7 f5 18. exf6 Kf7 19. Bxf8 Qxf8 20.
Nc3 bxc2 21. Rg7+ Kxf6 22. Rxd7 b4 23. Ne2 Rd8 24. Rd4 Rxd4 25. Nxd4 Qc5 26.
Nb3 Qd5 {White resigns} 0-1

[Event "ICC tourney 3340 (40 10)"]
[Site "Internet Chess Club"]
[Date "2023.12.09"]
[Round "5"]
[White "WU, WILLIAM:chessw23"]
[Black "Meng, Joshua:jmichess"]
[Result "1-0"]
[ICCResult "Black resigns"]
[WhiteElo "2144"]
[BlackElo "2014"]
[Opening "Trompowsky attack (Ruth, Opocenský opening)"]
[ECO "A45"]
[NIC "QP.07"]
[Time "20:00:16"]
[PlyCount "35"]
[TimeControl "2400+10"]

1. d4 Nf6 2. Bg5 d6 3. Bxf6 exf6 4. Nf3 g6 5. e4 Bg7 6. Nc3 O-O 7. Qd2 f5 8.
O-O-O fxe4 9. Nxe4 Bf5 10. Ng3 Bg4 11. Kb1 Nc6 12. c3 Bxf3 13. gxf3 Qf6 14.
h4 h5 15. Bd3 Qxf3 16. Rhg1 d5 17. Nf5 Qg3 18. Rxg3 {Black resigns} 1-0

[Event "ICC tourney 3340 (40 10)"]
[Site "Internet Chess Club"]
[Date "2023.12.09"]
[Round "5"]
[White "ZHOU, JIANCHAO:TomCruise999"]
[Black "LIU, PATRICK PEIJUN:JunlinTheWorld"]
[Result "1-0"]
[ICCResult "Black resigns"]
[WhiteElo "2646"]
[BlackElo "2257"]
[Opening "English opening"]
[ECO "A05"]
[NIC "QP.11"]
[Time "20:00:42"]
[PlyCount "33"]
[TimeControl "2400+10"]

1. Nf3 Nf6 2. c4 c6 3. Nc3 d5 4. e3 Nbd7 5. Qc2 e6 6. b3 Bd6 7. Bb2 e5 8.
cxd5 cxd5 9. Nb5 Qb6 10. a4 a5 11. Nxd6+ Qxd6 12. Bb5 e4 13. Ba3 Qb6 14. Ne5
h5 15. Rc1 Qd8 16. Qc5 h4 17. Qd6 {Black resigns} 1-0

[Event "ICC tourney 3340 (40 10)"]
[Site "Internet Chess Club"]
[Date "2023.12.09"]
[Round "5"]
[White "Yang, Daniel:danielbest"]
[Black "POLYAKIN, VLADIMIR:IAlwaysWin"]
[Result "1-0"]
[ICCResult "Black resigns"]
[WhiteElo "2132"]
[BlackElo "2100"]
[Opening "QGD: Tartakower (Makagonov-Bondarevsky) system, 8.cd Nxd5"]
[ECO "D59"]
[NIC "QO.10"]
[Time "20:00:19"]
[PlyCount "55"]
[TimeControl "2400+10"]

1. d4 d5 2. c4 e6 3. Nc3 Be7 4. Nf3 Nf6 5. Bg5 h6 6. Bh4 O-O 7. e3 b6 8.
cxd5 Nxd5 9. Bxe7 Qxe7 10. Nxd5 exd5 11. Qd2 Be6 12. Bd3 Nd7 13. h3 c5 14.
O-O Rfc8 15. Rac1 c4 16. Bb1 b5 17. Rfe1 f5 18. Ne5 Nxe5 19. dxe5 Rc7 20.
Bxf5 Rac8 21. Bxe6+ Qxe6 22. f4 Rd7 23. Red1 Rcd8 24. Qc3 Qf5 25. Rd4 h5 26.
Rcd1 g6 27. Qd2 Kh7 28. e4 {Black resigns} 1-0

[Event "ICC tourney 3340 (40 10)"]
[Site "Internet Chess Club"]
[Date "2023.12.09"]
[Round "5"]
[White "CHENG, ERIC:EricCheng-131"]
[Black "CHEN, LEON TINGQUAN:leonlunachen"]
[Result "1-0"]
[ICCResult "Black resigns"]
[WhiteElo "1823"]
[BlackElo "1879"]
[Opening "French: Paulsen variation"]
[ECO "C10"]
[NIC "FR.04"]
[Time "20:00:29"]
[PlyCount "63"]
[TimeControl "2400+10"]

1. e4 e6 2. d4 d5 3. Nc3 Be7 4. e5 c5 5. f4 Nc6 6. Nf3 Nh6 7. Be3 Nf5 8. Bf2
Qb6 9. dxc5 Qxb2 10. Nb5 Qb4+ 11. Qd2 Qxd2+ 12. Kxd2 Kd7 13. Nd6 Nh6 14. h3
f6 15. Rb1 Rb8 16. Bd3 fxe5 17. fxe5 Bxd6 18. cxd6 Nf7 19. Rhe1 g6 20. c4 b6
21. cxd5 Na5 22. dxe6+ Kxe6 23. Nd4+ Kd7 24. Bb5+ Kd8 25. Bg3 a6 26. Nc6+
Nxc6 27. Bxc6 Bb7 28. Rxb6 Kc8 29. Bxb7+ Rxb7 30. Rc1+ Kb8 31. Rxb7+ Kxb7
32. Rc7+ {Black resigns} 1-0

[Event "ICC tourney 3340 (40 10)"]
[Site "Internet Chess Club"]
[Date "2023.12.09"]
[Round "5"]
[White "Li, Alex:AlexLi31415"]
[Black "KONA, VIDIP KUMAR:Vidipkona"]
[Result "0-1"]
[ICCResult "White resigns"]
[WhiteElo "1835"]
[BlackElo "2029"]
[Opening "Caro-Kann defense"]
[ECO "B15"]
[NIC "CK.05"]
[Time "20:00:14"]
[PlyCount "96"]
[TimeControl "2400+10"]

1. e4 c6 2. d4 d5 3. Nc3 a6 4. Nf3 Bg4 5. Be2 e6 6. h3 Bh5 7. exd5 cxd5 8.
g4 Bg6 9. Ne5 Nc6 10. Nxg6 hxg6 11. a3 Bd6 12. Be3 Nge7 13. Qd2 Qc7 14. h4
O-O-O 15. O-O-O Kb8 16. Kb1 Nc8 17. Rdg1 Nb6 18. Ka2 Ne7 19. f4 Rc8 20. h5
gxh5 21. gxh5 Nf5 22. Bd3 Nc4 23. Bxc4 Qxc4+ 24. Kb1 Bxa3 25. bxa3 Qxc3 26.
Qxc3 Rxc3 27. Bc1 Rhc8 28. Rh2 Rf3 29. Rhg2 Rc4 30. Rxg7 Nxg7 31. Rxg7 Rh3
32. Rxf7 Rxh5 33. Re7 Rc6 34. Bd2 Rh2 35. Bb4 b6 36. Re8+ Kc7 37. Re7+ Kd8
38. Ra7 a5 39. Be7+ Kc8 40. Bf6 Rcxc2 41. Rg7 Rcg2 42. Rxg2 Rxg2 43. Be5 Kd7
44. Ka1 Kc6 45. Kb1 Kb5 46. Ka1 Kc4 47. Kb1 b5 48. Kc1 b4 {White resigns}
0-1

[Event "ICC tourney 3340 (40 10)"]
[Site "Internet Chess Club"]
[Date "2023.12.09"]
[Round "5"]
[White "BERKLEY, DARRIN K:drberkley"]
[Black "BRUDNO, STEPHEN:StevChess01"]
[Result "0-1"]
[ICCResult "White resigns"]
[WhiteElo "1904"]
[BlackElo "1900"]
[Opening "Sicilian: Grand Prix attack"]
[ECO "B23"]
[NIC "SI.44"]
[Time "20:00:22"]
[PlyCount "102"]
[TimeControl "2400+10"]

1. e4 c5 2. Nc3 Nc6 3. f4 g6 4. Nf3 Bg7 5. Bb5 Nd4 6. O-O a6 7. Be2 e6 8. e5
d5 9. Nxd4 cxd4 10. Nb1 Ne7 11. b3 O-O 12. g4 Nc6 13. Bb2 f6 14. exf6 Bxf6
15. d3 Bd7 16. Nd2 Qc7 17. a3 Bg7 18. f5 exf5 19. Bf3 Be6 20. Qe2 Rae8 21.
Qg2 fxg4 22. Bxd5 Qd6 23. Bxe6+ Qxe6 24. Ne4 Rxf1+ 25. Rxf1 Rf8 26. Rxf8+
Bxf8 27. Ng5 Qf5 28. Bc1 Bh6 29. Qd2 Ne5 30. Kg2 Nf3 31. Qb4 Bxg5 32. Qc4+
Qf7 33. Qc8+ Kg7 34. Bxg5 Nxg5 35. Qxg4 Ne6 36. Qe4 h5 37. h4 Kh6 38. Kg3
Qc7+ 39. Kh3 Nf4+ 40. Kg3 Nxd3+ 41. Kf3 Ne5+ 42. Ke2 Nc6 43. Kd1 Qe5 44. Qf3
Qf5 45. Qh1 Qf4 46. b4 Ne5 47. Qe1 Qe3 48. Qxe3+ dxe3 49. Ke2 Nc4 50. a4 b5
51. Kd3 bxa4 {White resigns} 0-1

[Event "ICC tourney 3340 (40 10)"]
[Site "Internet Chess Club"]
[Date "2023.12.09"]
[Round "5"]
[White "OPASKA, MICHAEL:mopaska1106"]
[Black "Volkov, Sergey:Volkov"]
[Result "0-1"]
[ICCResult "White resigns"]
[WhiteElo "2004"]
[BlackElo "2506"]
[Opening "QGD Slav defense"]
[ECO "D10"]
[NIC "SL.01"]
[Time "20:00:19"]
[PlyCount "74"]
[TimeControl "2400+10"]

1. d4 d5 2. c4 c6 3. g3 Bf5 4. Bg2 e6 5. Nf3 Nf6 6. O-O Nbd7 7. Nbd2 h6 8.
b3 Be7 9. Bb2 O-O 10. Ne1 Bh7 11. Ndf3 a5 12. a4 Qb6 13. c5 Qa6 14. Nd3 b6
15. cxb6 Bxd3 16. Qxd3 Qxd3 17. exd3 Rfb8 18. Bc3 Rxb6 19. Rfb1 Bb4 20. Rc1
Bxc3 21. Rxc3 Rab8 22. Nd2 R8b7 23. Rac1 Nb8 24. f4 Rb4 25. f5 exf5 26. Nf3
Nfd7 27. Ne5 Rxd4 28. Nxc6 Nxc6 29. Rxc6 Rxd3 30. Ra6 Nf6 31. Rxa5 Rbxb3 32.
Ra1 Ne4 33. Bf1 Rd2 34. Rb5 Rc3 35. a5 Ng5 36. Bg2 Rcc2 37. Bxd5 Rf2
{White resigns}
0-1

[Event "ICC tourney 3340 (40 10)"]
[Site "Internet Chess Club"]
[Date "2023.12.09"]
[Round "5"]
[White "Pozharskii, Denis:odnis"]
[Black "HANKE, HARVEY:ThinkingPanda"]
[Result "0-1"]
[ICCResult "White resigns"]
[WhiteElo "1831"]
[BlackElo "2077"]
[Opening "Queen's pawn: London system"]
[ECO "A45"]
[NIC "QP.07"]
[Time "20:00:13"]
[PlyCount "132"]
[TimeControl "2400+10"]

1. d4 Nf6 2. Bf4 g6 3. Nc3 d5 4. Nb5 Na6 5. e3 Bg7 6. Nc3 Nb8 7. Nb5 Na6 8.
Nc3 O-O 9. Bxa6 bxa6 10. h3 Bd7 11. a4 Rb8 12. b3 Rc8 13. Be5 c5 14. Bxf6
Bxf6 15. Nxd5 Bg7 16. c3 cxd4 17. exd4 Be6 18. Nf4 Qc7 19. Nge2 Bf5 20. O-O
Rfd8 21. Nd3 e5 22. Ng3 Be6 23. Nc5 Bd5 24. c4 Ba8 25. Nxa6 Qb7 26. d5 Qxa6
27. Rb1 Qb6 28. Qd2 Rc7 29. Qe3 Qb4 30. Ne4 Bb7 31. Qg5 Rcc8 32. Nf6+ Kh8
33. Qh4 h6 34. Ng4 h5 35. Ne3 Bxd5 36. Nxd5 Rxd5 37. g4 Rd4 38. Qg5 hxg4 39.
hxg4 Qd2 40. Qxd2 Rxd2 41. Rfc1 Rd4 42. c5 Rxg4+ 43. Kf1 Rd4 44. b4 Bf8 45.
Ke2 a5 46. bxa5 Rxa4 47. Rb5 Rc6 48. Kd3 Rd4+ 49. Ke2 Rd5 50. Rb8 Kg7 51. a6
Rxa6 52. c6 Ra2+ 53. Kf1 Bd6 54. c7 Bxc7 55. Rxc7 Rdd2 56. Rbb7 Rxf2+ 57.
Kg1 e4 58. Re7 Rae2 59. Rxe4 Rxe4 60. Kxf2 g5 61. Kf3 Ra4 62. Rb5 Kg6 63.
Kg3 f6 64. Kf3 Ra3+ 65. Kg4 f5+ 66. Rxf5 Ra4+ {White resigns} 0-1

[Event "ICC tourney 3340 (40 10)"]
[Site "Internet Chess Club"]
[Date "2023.12.09"]
[Round "5"]
[White "KOEHL, EVAN:MacAndSneeze"]
[Black "ZHANG, SUNNY:AboardBuffalo"]
[Result "1/2-1/2"]
[ICCResult "Game drawn because neither player has mating material"]
[WhiteElo "2050"]
[BlackElo "1916"]
[Opening "Scotch: Potter variation"]
[ECO "C45"]
[NIC "SO.05"]
[Time "20:00:25"]
[PlyCount "204"]
[TimeControl "2400+10"]

1. e4 e5 2. Nf3 Nc6 3. d4 exd4 4. Nxd4 Bc5 5. Nb3 Bb6 6. Nc3 Qf6 7. Qe2 Nge7
8. Be3 Bxe3 9. Qxe3 O-O 10. O-O-O d6 11. Kb1 a6 12. h3 b5 13. g4 Ne5 14. f4
Nc4 15. Bxc4 bxc4 16. Nd4 c5 17. Nde2 a5 18. g5 Qe6 19. Nb5 Nf5 20. Qf3 Bb7
21. Nec3 Rad8 22. Rhe1 Ne7 23. f5 Qe5 24. f6 Ng6 25. fxg7 Rfe8 26. Qf5 Kxg7
27. Qf2 Bc6 28. Rf1 Rd7 29. Qf6+ Qxf6 30. gxf6+ Kf8 31. Nxd6 Red8 32. Nxc4
Rxd1+ 33. Rxd1 Rxd1+ 34. Nxd1 Bxe4 35. Nxa5 Nf4 36. Nf2 Bf5 37. Nc4 Nxh3 38.
Nxh3 Bxh3 39. Kc1 h5 40. Kd2 h4 41. Ke3 Be6 42. Nd2 h3 43. Kf2 Ke8 44. Kg3
Kd7 45. a4 Bf5 46. c3 Ke6 47. Nb3 Kd5 48. a5 Kc4 49. Nd2+ Kb5 50. b4 cxb4
51. cxb4 Kxb4 52. a6 Bc8 53. a7 Bb7 54. Kxh3 Kc5 55. Kg4 Kb6 56. Kf5 Kxa7
57. Ke5 Bc8 58. Kd6 Be6 59. Ne4 Kb8 60. Ke7 Kc7 61. Nd6 Ba2 62. Nxf7 Bb3 63.
Ng5 Bg8 64. Nf7 Kc6 65. Kf8 Bh7 66. Ng5 Bg6 67. Ke7 Kd5 68. Kf8 Ke5 69. Kg7
Be8 70. Nh7 Bh5 71. Nf8 Be8 72. Nd7+ Ke6 73. Nc5+ Ke5 74. Nd3+ Ke6 75. Nf2
Kf5 76. Nh1 Kf4 77. Nf2 Kf5 78. Nd3 Ke6 79. Nf4+ Ke5 80. Ng6+ Ke6 81. Nf8+
Ke5 82. Nh7 Ke6 83. Kg8 Bg6 84. Kg7 Be8 85. Nf8+ Ke5 86. Ng6+ Ke6 87. Nh8
Ke5 88. Nf7+ Ke6 89. Nd8+ Ke5 90. Nb7 Ke6 91. Nc5+ Ke5 92. Nd3+ Ke6 93. Nf2
Ke5 94. Ng4+ Ke6 95. Kg8 Bh5 96. Kg7 Be8 97. Nf2 Kf5 98. Nh3 Ke6 99. Ng5+
Kf5 100. Nh7 Ke6 101. Kh8 Kf7 102. Ng5+ Kxf6
{Game drawn because neither player has mating material}
1/2-1/2